 Dungeon Crawl Stone Soup version 0.16.1-28-gcc2312f (webtiles) character file.

56 dngmouse the Gusty (level 3, -2/19 HPs)
             Began as a Tengu Air Elementalist on May 28, 2015.
             Slain by a gnoll
             ... wielding a +1 flail of protection
              (9 damage)
             ... on level 1 of the Dungeon.
             The game lasted 00:18:26 (1434 turns).

dngmouse the Gusty (Tengu Air Elementalist)         Turns: 1434, Time: 00:18:26

Health: -2/19      AC:  2    Str:  8    XL:     3   Next: 95%
Magic:  4/7        EV: 12    Int: 16    God:
Gold:   25         SH:  0    Dex: 14    Spells: 2 memorised, 4 levels left

rFire  . . .     SeeInvis .     i - +0 hand axe
rCold  . . .     Clarity  .     a - +0 robe
rNeg   . . .     SustAb   .     (no shield)
rPois  .         Gourm    .     (helmet restricted)
rElec  .         Spirit   .     (no cloak)
rCorr  .         Warding  .     (no gloves)
rMut   .         Stasis   .     (boots unavailable)
MR     .....                    (no amulet)
Stlth  ++........               (no ring)
                                (no ring)

@: not resistant to hostile enchantments, unstealthy
A: beak, talons 3
a: no special abilities


You were on level 1 of the Dungeon.
You were not hungry.

You visited 1 branch of the dungeon, and saw 2 of its levels.

You collected 25 gold pieces.

Inventory:

Hand weapons
 i - a +0 hand axe (weapon)
Missiles
 e - 14 poisoned needles
Armour
 a - a +0 robe (worn)
Potions
 d - a potion of degeneration {unknown}
 f - a potion of agility {unknown}
 h - 2 potions of heal wounds {unknown}
Books
 b - a book of Air

   Spells                             Type                      Level
   a - Shock                          Conjuration/Air              1
   b - Swiftness                      Charms/Air                   2
   c - Repel Missiles                 Charms/Air                   2
   d - Flight                         Charms/Air                   3
   e - Static Discharge               Conjuration/Air              3
   f - Lightning Bolt                 Conjuration/Air              5
Comestibles
 c - 2 bread rations
 g - a meat ration


   Skills:
 - Level 2.1 Dodging
 - Level 2.0 Stealth
 + Level 2.5 Spellcasting
 * Level 3.5 Conjurations
 * Level 4.7 Air Magic


You had 4 spell levels left.
You knew the following spells:

 Your Spells              Type           Power        Failure   Level  Hunger
a - Shock                 Conj/Air       ###.         4%          1    #......
b - Swiftness             Chrm/Air       #.......     14%         2    ##.....


Dungeon Overview and Level Annotations

Branches:
Dungeon (2/15)

Altars:


Innate Abilities, Weirdness & Mutations

You have a beak for a mouth.
You have claws for feet.


Message History

The gnoll is lightly wounded.
The gnoll hits you with a flail of protection!
Ouch! That really hurt!
Casting: Shock
Confirm with . or Enter, or press ? or * to list all spells.
Aiming: Shock
Press: ? - help, Shift-Dir - straight line, f/p - gnoll
Aim: a gnoll, wielding a flail of protection (lightly wounded)
The zap hits the gnoll.
The gnoll is lightly wounded.
The gnoll closely misses you.
Casting: Shock
Confirm with . or Enter, or press ? or * to list all spells.
Aiming: Shock
Press: ? - help, Shift-Dir - straight line, f/p - gnoll
Aim: a gnoll, wielding a flail of protection (lightly wounded)
The zap hits the gnoll.
The gnoll is moderately wounded.
The gnoll hits you with a flail of protection!
You die...

#...........# #...............
#...........# #...............
##<^.......#####...............
##...#...#....#...............
#####..##....#...............
#...#....#...............
#.#.#....##..............
#.#.......##.....#......#
#####.#.....@.########.##.##.
#...........g..# #....#.##.
#............#.# #....#....
#...........>#.#####....###.#
#...........................#
#........#..###...##.#.......
#........##.# ###....#.###..#
#........##.# ##.##...###..
#........##.# #.##.#..####


You could see a gnoll.

Vanquished Creatures
  3 gnolls (D:2)
  An ooze (D:1)
  A giant cockroach (D:1)
  4 hobgoblins
  3 jackals (D:1)
  5 kobolds (D:1)
  A ball python (D:1)
  A bat (D:1)
  A giant newt (D:1)
  3 goblins (D:1)
  2 rats (D:1)
25 creatures vanquished.

Notes
Turn   | Place    | Note
--------------------------------------------------------------
     0 | D:1      | dngmouse, the Tengu Air Elementalist, began the quest for the Orb.
     0 | D:1      | Reached XP level 1. HP: 10/10 MP: 3/3
   563 | D:1      | Reached XP level 2. HP: 15/15 MP: 1/5
   647 | D:1      | Learned a level 2 spell: Swiftness
  1102 | D:1      | Reached XP level 3. HP: 19/19 MP: 1/7
  1434 | D:1      | Slain by a gnoll

Action                   || total
-------------------------++-------
Melee: Club              ||     5
 Cast: Shock             ||    52
       Swiftness         ||     1
  Eat: Chunk             ||     2
